 Dungeon Crawl Stone Soup version 0.19.4-8-ga85b6b9 (console) character file.

6106 Grinner the Unseen (level 10, -12/42 HPs)
             Began as a Spriggan Monk on Feb 15, 2017.
             Was an Initiate of Gozag.
             Shot with a bolt by an orc warrior (33 damage)
             ... in a bailey.
             The game lasted 00:35:16 (9603 turns).

Grinner the Unseen (Spriggan Monk)                  Turns: 9603, Time: 00:35:17

Health: -12/42     AC:  5    Str:  7      XL:     10   Next: 58%
Magic:  11/11      EV: 36    Int: 12      God:    Gozag
Gold:   981        SH:  0    Dex: 24 (25) Spells: 0 memorised, 9 levels left

rFire  . . .     SeeInvis +     b - +0 arbalest
rCold  . . .     Gourm    .     E - +0 robe (curse)
rNeg   . . .     Faith    .     (shield currently unavailable)
rPois  .         Spirit   .     (helmet restricted)
rElec  .         Reflect  .     p - +2 cloak
rCorr  .         Harm     +     (gloves unavailable)
MR     +....                    (boots unavailable)
Stlth  ++++++++..               r - amulet of harm
                                (no ring)
                                y - ring of flight

@: agile, very quick
A: unfitting armour, see invisible, deterioration 1, herbivore 3, speed 3, frail
1, slow metabolism 2, weak 1, wild magic 1
a: Potion Petition, Call Merchant, Bribe Branch, Renounce Religion, Evoke Flight


You were in a bailey.
You worshipped Gozag.
Gozag was pleased with you.
You were very hungry.

You visited 2 branches of the dungeon, and saw 10 of its levels.
You also visited: Bailey.

You collected 981 gold pieces.

Inventory:

Hand Weapons
 a - a +0 short sword of electrocution
 b - a +0 arbalest (weapon)
 s - a +0 dagger of venom
Missiles
 t - 114 bolts (quivered)
Armour
 p - a +2 cloak (worn)
 A - a +0 robe
 B - a +2 buckler
 E - a cursed +0 robe (worn)
Jewellery
 r - an amulet of harm (around neck)
 y - a ring of flight (left hand)
Wands
 d - a wand of disintegration (0/24)
 i - a wand of paralysis (0/24)
 v - a wand of iceblast (3/15)
 C - a wand of paralysis (14/24)
 D - a wand of slowing (28/48)
Scrolls
 e - 5 scrolls of amnesia
 h - 3 scrolls of teleportation
 m - 4 scrolls of remove curse
 u - a scroll of recharging
 w - a scroll of enchant armour
Potions
 f - 2 potions of agility
 j - a potion of curing
 k - 2 potions of brilliance
 l - a potion of degeneration
 n - a potion of resistance
 o - 2 potions of lignification
 q - a potion of might
 x - a potion of cancellation
Comestibles
 c - 2 bread rations
 z - 2 fruits


   Skills:
 - Level 2.4 Fighting
 - Level 9.4 Short Blades
 + Level 1.8 Crossbows
 - Level 11.9 Dodging
 - Level 16.3 Stealth


You had 9 spell levels left.
You didn't know any spells.

Dungeon Overview and Level Annotations

Branches:
Dungeon (9/15)             Temple (1/1) D:4             Orc (0/2) D:9
   Lair: D:8-11

Altars:
Ashenzari
Cheibriados
Dithmenos
Fedhas
Gozag
Hepliaklqana
Kikubaaqudgha
Makhleb
Nemelex Xobeh
Okawaru
Qazlal
Ru
Sif Muna
Trog
Uskayaw
Vehumet
Xom
Yredelemnul
Zin
The Shining One

Shops:
D:9 ?


Innate Abilities, Weirdness & Mutations

You are very small and have problems with some larger weapons.
You are too small for most types of armour.
You have supernaturally acute eyesight. (SInv)
You are a herbivore.
You cover ground extremely quickly.
You need consume almost no food.
Your body sometimes deteriorates upon taking damage.
You are frail. (-10% HP)
You are weak. (Str -2)
Your spells are a little harder to cast, but a little more powerful.


Message History

Firing (i - inventory):
t - 116 bolts (quivered)
Press: ? - help, Shift-Dir - straight line, f/p - orc warrior
Aim: an orc warrior, wielding an arbalest and wearing a scale mail (heavily wounded)
You shoot a bolt.
The bolt hits the orc warrior but does no damage.
The orc warrior is heavily wounded.
The orc warrior shoots a bolt.
The bolt hits you!!
Ouch! That really hurt!
Your body deteriorates!
You feel clumsy.
You start resting.
An orc warrior comes into view. It is wielding an arbalest.
You feel agile all of a sudden.
Firing (i - inventory):
t - 115 bolts (quivered)
Press: ? - help, Shift-Dir - straight line, f - orc warrior
Aim: an orc warrior, wielding an arbalest and wearing a ring mail (hasn't noticed you)
You shoot a bolt. The bolt barely misses the orc warrior.
The orc warrior shoots a bolt.
The bolt hits you!!
Ouch! That really hurt!
You die...
Your body crumbles into a pile of gold.

###########
.......(@∩#
..........#
..........#
..........#
..........#
.(o.......#
≈≈≈≈......#
o#≈≈......#
#≈......#


You could see an orc warrior.

Vanquished Creatures
  Joseph (D:8)
  A hippogriff (D:7)
  A wyvern (D:9)
  10 yaks (D:9)
  A hungry ghost (D:9)
  2 porcupines (D:9)
  8 orc warriors
  3 sky beasts
  An ice beast (D:8)
  4 black bears
  A necrophage (D:6)
  2 ogres
  2 centaurs
  3 bullfrogs
  A gnoll sergeant (D:7)
  A wyvern skeleton (D:7)
  2 scorpions
  5 howler monkeys
  4 crimson imps
  A bullfrog zombie (D:5)
  6 hounds
  2 bullfrog skeletons
  2 orc priests
  A centaur skeleton (D:9)
  7 worker ants
  Natasha (twice) (D:4)
  An iguana (D:9)
  6 orc wizards
  A hound skeleton (D:4)
  A howler monkey zombie (D:7)
  5 gnolls (D:7)
  8 adders
  3 river rats (D:9)
  An adder skeleton (D:8)
  2 worms
  3 dart slugs
  2 leopard geckos
  37 orcs
  2 ball pythons
  A bat zombie (D:1)
  5 giant cockroaches
  12 goblins
  8 hobgoblins
  3 jackals (D:1)
  4 quokkas
  6 bats
  3 frilled lizards
  A giant cockroach zombie (D:1)
  11 kobolds
  A quokka zombie (D:6)
  4 rats
205 creatures vanquished.

Vanquished Creatures (others)
  A bush (D:9)
  5 plants (D:9)
6 creatures vanquished.

Grand Total: 211 creatures vanquished

Notes
Turn   | Place    | Note
-------+----------+-------------------------------------------
     0 | D:1      | Grinner the Spriggan Monk began the quest for the Orb.
     0 | D:1      | Reached XP level 1. HP: 11/11 MP: 2/2
   255 | D:1      | Reached XP level 2. HP: 8/16 MP: 3/3
   644 | D:1      | Reached skill level 4 in Stealth
  1206 | D:1      | Reached XP level 3. HP: 19/19 MP: 4/4
  1226 | D:1      | Reached skill level 5 in Dodging
  1623 | D:2      | Reached skill level 5 in Stealth
  1662 | D:2      | Reached XP level 4. HP: 15/23 MP: 5/5
  2122 | D:3      | Noticed a sky beast
  2472 | D:3      | Reached skill level 6 in Stealth
  2472 | D:3      | Reached XP level 5. HP: 15/27 MP: 6/6
  2747 | D:3      | Killed a sky beast
  2747 | D:3      | Reached skill level 7 in Stealth
  2747 | D:3      | Reached XP level 6. HP: 32/32 MP: 7/7
  2950 | D:3      | Found a shattered altar of Ashenzari.
  2988 | D:3      | Found a bloodstained altar of Trog.
  3079 | D:4      | Noticed Natasha
  3081 | D:4      | Killed Natasha
  3081 | D:4      | Reached skill level 8 in Stealth
  3151 | D:4      | Reached skill level 5 in Short Blades
  3522 | D:4      | Reached XP level 7. HP: 29/35 MP: 8/8
  3538 | D:4      | Reached skill level 9 in Stealth
  4048 | D:4      | Noticed Natasha
  4054 | D:4      | Killed Natasha
  4503 | D:4      | Found a staircase to the Ecumenical Temple.
  4508 | Temple   | Entered the Ecumenical Temple
  4822 | D:5      | Entered Level 5 of the Dungeon
  4898 | D:5      | Reached skill level 10 in Stealth
  5718 | D:6      | Reached XP level 8. HP: 31/39 MP: 9/9
  6148 | D:7      | Found a snail-covered altar of Cheibriados.
  6169 | D:7      | Reached skill level 11 in Stealth
  6220 | D:7      | Found an opulent altar of Gozag.
  6354 | D:7      | Became a worshipper of Gozag Ym Sagoz the Greedy
  6363 | D:7      | Noticed a hippogriff
  6376 | D:7      | Killed a hippogriff
  6376 | D:7      | Reached skill level 12 in Stealth
  6582 | D:7      | Gained mutation: You are resistant to electric shocks. (rElec) [potion of mutation]
  6582 | D:7      | Lost mutation: You are resistant to electric shocks. (rElec) [potion of mutation]
  6582 | D:7      | Gained mutation: You are frail. (-10% HP) [potion of mutation]
  6595 | D:7      | Reached XP level 9. HP: 6/38 MP: 10/10
  7130 | D:8      | Reached skill level 13 in Stealth
  7198 | D:8      | Noticed Joseph
  7238 | D:8      | Killed Joseph
  7238 | D:8      | Reached skill level 10 in Dodging
  7626 | D:8      | Reached skill level 14 in Stealth
  7663 | D:8      | Gained mutation: Your spells are a little harder to cast, but a little more powerful. [potion of mutation]
  7663 | D:8      | Gained mutation: Your body sometimes deteriorates upon taking damage. [potion of mutation]
  7663 | D:8      | Gained mutation: You are weak. (Str -2) [potion of mutation]
  7802 | D:8      | Found a snail-covered altar of Cheibriados.
  7993 | D:9      | Found a staircase to the Orcish Mines.
  8204 | D:9      | Reached skill level 15 in Stealth
  8204 | D:9      | Reached XP level 10. HP: 19/42 MP: 11/11
  8515 | D:9      | Found Hufeipy's Magic Scroll Boutique.
  8602 | D:9      | Reached skill level 16 in Stealth
  8819 | D:9      | Found a flagged portal.
  8837 | Bailey   | Entered a bailey
  9416 | Bailey   | Reached skill level 1 in Crossbows
  9603 | Bailey   | Shot with a bolt by an orc warrior

Skill      XL: |  1  2  3  4  5  6  7  8  9 10 |
---------------+-------------------------------+-----
Stealth        | 4 5 6 7 8 10 12 15 16 | 16.3
Dodging        | 5 6 7 8 9 11 | 11.9
Short Blades   | 4 5 6 7 8 9 |  9.4
Crossbows      | 1 |  1.8
Fighting       | |  2.4

Action                   |  1- 3 |  4- 6 |  7- 9 | 10-12 || total
-------------------------+-------+-------+-------+-------++-------
Melee: Short sword       |    87 |       |       |   111 ||   198
       Dagger            |   111 |   322 |   589 |    46 ||  1068
 Fire: Arbalest          |       |       |       |    39 ||    39
Invok: Potion Petition   |       |       |     1 |       ||     1
Evoke: Wand              |       |     4 |    13 |     3 ||    20
  Use: Scroll            |       |     9 |     5 |     1 ||    15
       Potion            |       |     3 |     7 |     9 ||    19
 Stab: Sleeping          |     4 |    11 |    20 |       ||    35
       Distracted        |     1 |     1 |     6 |     1 ||     9
       Paralysed         |       |     3 |     4 |     1 ||     8
  Eat: Bread ration      |       |     1 |       |       ||     1
       Fruit             |       |       |     2 |       ||     2
       Pizza             |       |       |       |     1 ||     1
Armor: Robe              |    19 |    17 |    11 |     3 ||    50
       Skin              |       |       |     3 |       ||     3
Dodge: Dodged            |   155 |   143 |   300 |   105 ||   703
Block: Buckler           |       |       |    50 |    36 ||    86
